 Dungeon Crawl Stone Soup version 0.32-a0-470-g255bbe2f98 (webtiles) character file.

Game seed: 9378910663578118990

3 Kenran the Ducker (level 1, 0/14 HPs)
             Began as a Minotaur Hedge Wizard on Feb 25, 2024.
             Slain by an adder (2 damage)
             ... on level 2 of the Dungeon.
             The game lasted 00:00:33 (214 turns).

Kenran the Ducker (Minotaur Hedge Wizard)            Turns: 214, Time: 00:00:33

Health: 0/14       AC:  3    Str: 14    XL:     1   Next: 41%
Magic:  2/2        EV: 12    Int: 11    God:
Gold:   28         SH:  0    Dex:  9    Spells: 3/4 levels left

rFire   . . .        i - +0 short sword
rCold   . . .        (no shield)
rNeg    . . .        b - +0 robe
rPois   .            c - +0 hat
rElec   .            (no cloak)
rCorr   .            (no gloves)
SInv    .            h - +0 pair of boots
Will    .....        (no amulet)
Stlth   ++           (no ring)
HPRegen 0.22/turn    (no ring)
MPRegen 0.08/turn

%: no passive effects
@: lethally poisoned (0 -> -1)
A: horns 2, retaliatory headbutt
a: no special abilities


You were on level 2 of the Dungeon.
You visited 1 branch of the dungeon, and saw 2 of its levels.

You collected 28 gold pieces.

Inventory:

Hand Weapons
 i - a +0 short sword (weapon)
Armour
 b - a +0 robe (worn)
 c - a +0 hat (worn)
 h - a +0 pair of boots (worn)
Scrolls
 a - a scroll of identify {unknown}
 f - a scroll of teleportation {unknown}
 g - a scroll of revelation {unknown}
Potions
 d - a potion of magic
 e - a potion of curing {unknown}
 j - a potion of haste {unknown}


   Skills:
 + Level 2.2 Dodging
 + Level 1.6 Stealth
 + Level 2.2 Spellcasting
 + Level 0.6 Conjurations
 + Level 0.7 Summonings
 + Level 0.6 Translocations


You had 3 spell levels left.
You knew the following spells:

 Your Spells              Type           Power      Damage    Failure   Level
a - Magic Dart            Conj           8%         1d3       22%         1

Your spell library contained the following spells:

 Spells                   Type           Power      Damage    Failure   Level
 Slow                     Hex            4%         N/A       28%         1
 Blink                    Tloc           4%         N/A       32%         2
 Call Imp                 Summ           4%         N/A       32%         2
 Cigotuvi's Dreadful Rot  Necr/Alch/Air  2%         N/A       41%         2
 Mephitic Cloud           Conj/Alch/Air  1%         N/A       61%         3


Dungeon Overview and Level Annotations

Branches:
Dungeon (2/15)

Altars:

Annotations:
D:2 exclusion: gnoll


Innate Abilities, Weirdness & Mutations

You have a pair of horns on your head.
You reflexively headbutt those who attack you in melee.


Message History

No target in view!
HP restored.
a - a scroll labelled ATSE XEQUE You open the door.
There is an open door here.
j - an emerald potion You now have 28 gold pieces (gained 12). 3 gnolls come into view.
An adder comes into view.
The helpless adder fails to defend itself.
You hit the adder.
The adder is heavily wounded.
The adder misses you. You furiously retaliate!
You headbutt the adder. You closely miss the adder.
The adder is almost dead.
The adder bites you. The adder bites you but does no damage.
You barely miss the adder.
The adder is almost dead.
The adder bites you.
You are poisoned.
The adder poisons you!
You hit the adder but do no damage.
The adder is severely wounded.
You feel sick. The adder bites you but does no damage.
You closely miss the adder.
The adder is severely wounded.
You feel sick. The adder bites you but does no damage. The adder bites you.
You are too injured to fight recklessly!
You miss the adder. Your headbutt misses the adder.
The adder is severely wounded.
You feel sick. The adder barely misses you.
You miss the adder.
The adder is severely wounded.
You feel sick. The adder misses you.
You closely miss the adder.
The adder is severely wounded.
You feel sick. The adder bites you.
* * * LOW HITPOINT WARNING * * *
The adder bites you.
You die...

#.#.# ##...## #.#.#
##'## ....# #.#
#.### #.# #.# ##.##
#. ##...## #.
#.....# #.######
##...####
#S@....######.####.
######.............
##############


You could see an adder.

Vanquished Creatures
  An endoplasm (D:1)
  A goblin (D:1)
  A frilled lizard (D:2)
3 creatures vanquished.

Notes
Turn   | Place    | Note
-------+----------+-------------------------------------------
     0 | D:1      | Kenran the Minotaur Hedge Wizard began the quest for the
                  | Orb.
     0 | D:1      | Reached XP level 1. HP: 14/14 MP: 2/2
   104 | D:1      | You fall into a shaft and drop 1 floor!
   214 | D:2      | Slain by an adder

Illustrated notes

Levels and vault maps discovered:
D:1:      minmay_arrival_open_corners, layout_rooms, roderic_nine_men_s_morris,
          grunt_decor_arrowhead, minmay_stone_trees_large,
          minmay_misc_feat_four_crosses, nicolae_titane
D:2:      layout_loops_corners

Action                     || total
---------------------------++-------
  Melee: Short sword       ||    10
         Dagger            ||     7
         Headbutt          ||     3
   Stab: Sleeping          ||     1
 Armour: Robe              ||    13
  Dodge: Dodged            ||     6

Table legend: (Time is in decaauts)
 A = Elapsed time spent in this place.
 B = Non-inter-level travel time spent in this place.
 C = Inter-level travel time spent in this place.
 D = Time resting spent in this place.
 E = Time spent auto-exploring this place.
 F = Levels seen in this place.
 G = Mean time per level.
                   A        B        C        D        E       F      G
               +--------+--------+--------+--------+--------+-----+--------+
         Total |    213 |    213 |      0 |     25 |    116 |   2 |  106.5 |
       Dungeon |    213 |    213 |      0 |     25 |    116 |   2 |  106.5 |
               +--------+--------+--------+--------+--------+-----+--------+

Top non-repeatable levels by time:
     D:2: 109 daAuts
     D:1: 104 daAuts
